 Dungeon Crawl Stone Soup version 0.31.0-1-g2c135a0 (webtiles) character file.

Game seed: 11805631808762134809

1558 mezmerelda the Cleaver (level 8, -5/79 HPs)
             Began as a Hill Orc Fighter on Feb 8, 2024.
             Was a Follower of Beogh.
             Slain by Zagger's ghost (8 damage)
             ... on level 7 of the Dungeon.
             The game lasted 00:18:58 (5618 turns).

mezmerelda the Cleaver (Hill Orc Fighter)           Turns: 5618, Time: 00:18:58

Health: -5/79      AC:  9    Str: 27      XL:     8   Next: 89%
Magic:  8/8        EV:  9    Int:  8      God:    Beogh [*.....]
Gold:   427        SH:  4    Dex: 12 (16) Spells: 7/7 levels left

rFire   . . .        a - +0 war axe
rCold   . . .        c - +0 buckler
rNeg    . . .        l - +0 scale mail
rPois   .            (no helmet)
rElec   .            (no cloak)
rCorr   .            t - +0 pair of gloves
SInv    .            y - +0 pair of boots
Will    .....        (no amulet) Stlth
                     h - +6 ring of strength
HPRegen 0.33/turn    o - +6 ring of dexterity
MPRegen 0.11/turn

%: no passive effects
@: mighty
A: no striking features
a: Renounce Religion


You were on level 7 of the Dungeon.
You worshipped Beogh.
Beogh was aware of your devotion.
You visited 2 branches of the dungeon, and saw 8 of its levels.
You also visited: Sewer.

You collected 427 gold pieces.

Inventory:

Hand Weapons
 a - a +0 war axe (weapon)
 b - a +2 dagger of flaming
 I - a +2 flail of holy wrath
Armour
 c - a +0 buckler (worn)
 i - the +0 leather armour "Recabb" {^Contam +Inv Int+3 Dex+4}
   (You found it on level 4 of the Dungeon)

   Int+3:     It affects your intelligence (+3).
   Dex+4:     It affects your dexterity (+4).
   +Inv:      It lets you turn invisible.
   ^Contam:   It causes magical contamination when unequipped.
 l - a +0 scale mail (worn)
 t - a +0 pair of gloves (worn)
 y - a +0 pair of boots (worn)
Jewellery
 h - a +6 ring of strength (left hand)
 k - a ring of fire
 o - a +6 ring of dexterity (right hand)
Wands
 j - a wand of iceblast (12)
 F - a wand of flame (7)
Scrolls
 e - 5 scrolls of teleportation {unknown}
 g - 2 scrolls of noise {unknown}
 m - 6 scrolls of identify {unknown}
 n - 2 scrolls of enchant weapon {unknown}
 p - a scroll of blinking {unknown}
 v - a scroll of amnesia {unknown}
 x - 2 scrolls of fear {unknown}
 B - 2 scrolls of immolation {unknown}
 C - a scroll of butterflies {unknown}
 E - a scroll of enchant armour {unknown}
 H - a scroll of brand weapon {unknown}
Potions
 d - a potion of might
 f - 4 potions of curing {unknown}
 q - 2 potions of attraction {unknown}
 r - 2 potions of invisibility {unknown}
 s - 5 potions of lignification {unknown}
 u - 2 potions of haste {unknown}
 w - 4 potions of brilliance {unknown}
 z - a potion of degeneration {unknown}
 A - a potion of heal wounds {unknown}
 D - a potion of berserk rage {unknown}
 G - 2 potions of mutation {unknown}


   Skills:
 + Level 9.9 Fighting
 - Level 10.0 Axes
 + Level 3.8 Armour
 - Level 3.2 Shields


You had 7 spell levels left.
You didn't know any spells.
Your spell library contained the following spells:

 Spells                   Type           Power      Damage    Failure   Level
 Slow                     Hex            0%         N/A       75%         1
 Confusing Touch          Hex            0%         N/A       98%         3
 Frozen Ramparts          Ice            0%         1d1       98%         3
 Sigil of Binding         Hex            0%         N/A       98%         3
 Summon Ice Beast         Ice/Summ       0%         N/A       98%         3
 Vampiric Draining        Necr           0%         2d6       98%         3
 Leda's Liquefaction      Alch/Erth      0%         N/A       100%        4
 Petrify                  Alch/Erth      0%         N/A       100%        4
 Metabolic Englaciation   Hex/Ice        0%         N/A       100%        5
 Summon Mana Viper        Hex/Summ       0%         N/A       100%        5
 Monstrous Menagerie      Summ           0%         N/A       100%        7


Dungeon Overview and Level Annotations

Branches:
Dungeon (7/15)             Temple (1/1) D:6           Sewer (visited)

Altars:
Ashenzari
Cheibriados
Dithmenos
Elyvilon
Gozag
Makhleb
Okawaru
Qazlal
Sif Muna
Trog
Uskayaw
Vehumet
Xom
Yredelemnul
Zin
The Shining One

Shops:
D:4 :

Annotations:
D:6 3 runed translucent doors, selexin's ghost, novice MfIE
D:7 Zagger's ghost, novice GrFi


Message History

Zagger's ghost hits you but does no damage.
Zagger's ghost attacks as it pursues you!
Zagger's ghost hits you.
Zagger's ghost attacks as it pursues you!
Zagger's ghost hits you.
Zagger's ghost attacks as it pursues you!
Zagger's ghost hits you.
Zagger's ghost attacks as it pursues you!
Zagger's ghost hits you!
There is a transporter here.
You enter the transporter and appear at another place.
Zagger's ghost hits you. Zagger's ghost hits you!
* * * LOW HITPOINT WARNING * * *
Zagger's ghost attacks as it pursues you!
You block Zagger's ghost's attack.
There is a transporter here.
You enter the transporter and appear at another place.
Zagger's ghost closely misses you.
You feel very mighty all of a sudden. Zagger's ghost hits you.
* * * LOW HITPOINT WARNING * * *
You slash Zagger's ghost!
Zagger's ghost is moderately damaged.
Zagger's ghost hits you.
* * * LOW HITPOINT WARNING * * *
You hit Zagger's ghost but do no damage.
Zagger's ghost is moderately damaged.
Zagger's ghost hits you!
* * * LOW HITPOINT WARNING * * *
You hit Zagger's ghost but do no damage.
Zagger's ghost is moderately damaged.
Zagger's ghost completely misses you.
You closely miss Zagger's ghost.
Zagger's ghost is moderately damaged.
Zagger's ghost barely misses you.
You closely miss Zagger's ghost.
Zagger's ghost is moderately damaged.
Zagger's ghost hits you!
You die...

..#........##..........
............#..........
........###........#
.......##.#####....# .#
.......#......##...####..
......##..#....##......# ......
......#.#...#)..#......# ......
......#..#.##..##......### ......
......##.#...#.#@......#.. ......
.......#.#.....##W.....#.##(.....
####..©#...©#...#.#....#.#.......
##..#).#...#.#.#....#.#.......
#.##.....#.##........)>.#####
#.#..#.#...#.......###.......
#.#..#.#...#...##### #.......
#.##......©#...# #.......
#..###...###...# #.......


You could see Zagger's ghost.

Vanquished Creatures
  An orc warrior (D:6)
  A sky beast (D:6)
  A crocodile (Sewer)
  2 ogres
  3 phantoms
  A scorpion (D:6)
  A howler monkey (D:6)
  4 crimson imps (D:5)
  A hound (D:6)
  4 quasits (D:7)
  2 jellies (D:6)
  An orc priest (D:6)
  A gnoll bouda (D:5)
  3 iguanas
  12 adders
  5 gnolls (D:5)
  2 river rats (D:5)
  A shadow imp (D:6)
  An ufetubus (D:6)
  A dart slug (D:1)
  A ribbon worm (D:2)
  16 orcs
  8 ball pythons
  6 endoplasms
  A giant cockroach (D:5)
  6 goblins
  6 hobgoblins
  6 jackals
  4 quokkas
  4 bats
  3 frilled lizards
  3 kobolds
  6 rats
118 creatures vanquished.

Vanquished Creatures (others)
  An ufetubus (D:6)
  An orc (D:6)
2 creatures vanquished.

Grand Total: 120 creatures vanquished

Notes
Turn   | Place    | Note
-------+----------+-------------------------------------------
     0 | D:1      | mezmerelda the Hill Orc Fighter began the quest for the
                  | Orb.
     0 | D:1      | Reached XP level 1. HP: 19/19 MP: 1/1
   185 | D:2      | Reached skill level 3 in Axes
   248 | D:2      | Reached XP level 2. HP: 17/27 MP: 2/2
   446 | D:4      | Noticed an ogre
   476 | D:4      | Found a white marble altar of Elyvilon.
   477 | D:4      | Identified the +0 leather armour "Recabb" {^Contam +Inv
                  | Int+3 Dex+4}
   484 | D:4      | Found a hide-covered altar of Uskayaw.
   525 | D:4      | Killed an ogre
   526 | D:4      | Reached skill level 5 in Fighting
   526 | D:4      | Reached skill level 4 in Axes
   526 | D:4      | Reached XP level 3. HP: 34/36 MP: 3/3
   526 | D:4      | Reached XP level 4. HP: 39/42 MP: 4/4
   529 | D:4      | Reached skill level 5 in Axes
   529 | D:4      | Reached XP level 5. HP: 46/48 MP: 5/5
   613 | D:4      | Found Anwaz's Book Shop.
   806 | D:4      | Found a shimmering blue altar of Sif Muna.
   977 | D:5      | Entered Level 5 of the Dungeon
  1002 | D:5      | Found a basalt altar of Yredelemnul.
  1078 | D:5      | Reached skill level 6 in Axes
  1078 | D:5      | Reached XP level 6. HP: 48/57 MP: 6/6
  1262 | D:5      | Found a glowing drain.
  1288 | Sewer    | Entered a sewer
  1462 | D:5      | Found a shimmering altar of Xom.
  1470 | D:5      | Reached skill level 7 in Axes
  1470 | D:5      | Reached XP level 7. HP: 59/66 MP: 7/7
  1711 | D:5      | Found an iron altar of Okawaru.
  1871 | D:6      | Reached skill level 8 in Axes
  2096 | D:6      | Became a worshipper of Beogh the Brigand
  3470 | D:3      | Reached * piety under Beogh
  3499 | D:3      | Reached XP level 8. HP: 74/74 MP: 8/8
  3582 | D:3      | Found an opulent altar of Gozag.
  3673 | D:3      | Found a burning altar of Makhleb.
  3773 | D:3      | Found a radiant altar of Vehumet.
  4463 | D:6      | Found a runed translucent gate.
  4464 | D:6      | Found a runed translucent gate.
  4464 | D:6      | Found a runed translucent gate.
  4469 | D:6      | Noticed selexin's ghost (novice MfIE)
  4507 | D:6      | Reached skill level 9 in Axes
  5221 | D:6      | Found a staircase to the Ecumenical Temple.
  5307 | Temple   | Entered the Ecumenical Temple
  5387 | D:7      | Reached skill level 10 in Axes
  5415 | D:7      | Found a transporter.
  5421 | D:7      | Noticed Zagger's ghost (novice GrFi)
  5434 | D:7      | Found a transporter.
  5615 | D:7      | HP: 2/79 [Zagger's ghost (12)]
  5618 | D:7      | Slain by Zagger's ghost

Illustrated notes

Levels and vault maps discovered:
D:1:      heliophobic_arrival_enchanted_forest, layout_basic, serial_glass,
          glass_columns_b, glass_columns_a, glass_columns_b, glass_columns_a,
          glass_columns_b, glass_columns_b
D:2:      layout_rooms
D:3:      layout_loops_ring, vehumet_altar_wand_db, lemuel_doored_altar,
          lightli_temple_of_fire, minmay_snake_closets
D:4:      layout_rooms, led_sif_book, mainiacjoe_overflow_catwalk_spiral,
          serial_shops, shop_coins
D:5:      layout_cave_pools, mainiacjoe_overflow_surrounded_room, led_xom_imps,
          mainiacjoe_overflow_cross_hatched, portal_sewer_entry_c
D:6:      layout_loops_corners, minmay_temple_entry_fiery,
          gammafunk_ghost_necromancy, hangedman_decor_clover_reticule,
          kennysheep_generic_room_9
D:7:      layout_basic, gammafunk_ghost_stat_death
Temple:   nicolae_temple_bog_church

Skill      XL: |  1  2  3  4  5  6  7  8 |
---------------+-------------------------+-----
Axes           | 3 4 5 6 7 8 10 | 10.0
Fighting       | 5 6 7 8 9 |  9.9
Armour         | |  3.8
Shields        | |  3.2

Action                     |  1- 3 |  4- 6 |  7- 9 || total
---------------------------+-------+-------+-------++-------
  Melee: War axe           |    28 |    72 |   256 ||   356
 Invoke: Convert to Beogh  |       |       |     1 ||     1
  Evoke: Wand              |     1 |       |       ||     1
    Use: Potion            |       |       |     1 ||     1
 Armour: Scale mail        |    22 |    50 |   247 ||   319
  Dodge: Dodged            |    12 |    42 |   123 ||   177
  Block: Buckler           |     6 |     9 |    76 ||    91
